Saguenéens vs Scraper

Created - 30 janvier 2015 at 21:09

Goals
1 2 3 T
Saguenéens 3 3 0 6
Scraper 0 2 0 2
Shots
1 2 3 T
Saguenéens 18 15 15 48
Scraper 7 11 8 26

1st period

1. Saguenéens , Kyle Brodziak 23 (Kris Russell) at 10:32
2. Saguenéens , Marcus Johansson 15 (David Rundblad) at 13:37
3. Saguenéens , Evgeny Dadonov 19 (Lubos Bartecko) at 15:08

Penalties :
No Penalty

2nd period

4. Scraper , Daniel Winnik 18 (Denis Shvidki) at 5:41
5. Saguenéens , Lubos Bartecko 2 (Kevin Marshall) at 5:57
6. Saguenéens , Rhett Rakhshani 11 (Brian Flynn, Bryan Bickell) at 14:02
7. Scraper , Ben Eager 22 (Riley Armstrong) at 19:11
8. Saguenéens , Lubos Bartecko 3 (Kyle Brodziak, Derek Morris) at 19:21

Penalties :
Eric Godard (Out) for Fighting (Major) at 1:08, David Moss (Chi) for Fighting (Major) at 1:08, Ben Eager (Out) for Boarding (Minor) at 1:11, Eric Godard (Out) for Fighting (Major) at 16:08, Brian Flynn (Chi) for Fighting (Major) at 16:08

3rd period

No Goal

Penalties :
Marcus Foligno (Out) for High sticking (Minor) at 4:07, Joe Finley (Out) for Interference (Minor) at 7:13, Cameron Gaunce (Out) for Tripping (Minor) at 17:39

Goalie Stats

Harru Sateri (Chi), 24 saves from 26 shots - (0,923), W, 7-8-3, 60:00 minutes
Maxime Ouellet (Out), 42 saves from 48 shots - (0,875), L, 7-7-2, 60:00 minutes

Players Stats for Saguenéens

Player Name              G  A  P  +/- PIM S  H  SB GA TA FO     MP     PP MP  PK MP  
------------------------------------------------------------------------------------
Brandon Burlon           0  0  0   1  0   2  1  1  0  2  0/0    17:35   0:00   0:00 
Brian Flynn              0  1  1   1  5   2  0  0  0  0  4/6    10:59   0:33   0:00 
Bryan Bickell            0  1  1   1  0   2  2  0  0  0  0/0    14:22   3:13   0:00 
David Laliberté          0  0  0  -1  0   2  0  0  0  0  0/0     8:23   0:03   0:00 
David Moss               0  0  0   1  5   7  1  1  0  0  1/1    15:53   2:16   0:00 
David Rundblad           0  1  1   1  0   1  1  1  0  0  0/0    15:09   2:35   0:00 
Derek Morris             0  1  1   2  0   2  1  1  2  0  0/0    27:55   5:21   0:00 
Eric Tangradi            0  0  0   0  0   1  3  0  0  1  1/2     9:00   0:00   0:00 
Evgeny Dadonov           1  0  1   3  0   3  0  1  0  1  0/0    23:12   4:40   0:00 
Joffrey Lupul            0  0  0   0  0   1  1  0  0  0  1/1    15:15   0:34   0:00 
Kevin Marshall           0  1  1   2  0   3  2  0  0  1  0/0    27:03   4:46   0:00 
Kris Russell             0  1  1   1  0   4  2  1  0  0  0/0    20:07   3:10   0:00 
Kyle Brodziak            1  1  2   3  0   5  2  0  0  0  20/35  23:04   4:38   0:00 
Lubos Bartecko           2  1  3   3  0   9  0  0  0  0  1/1    23:04   4:38   0:00 
Luke Witkowski           0  0  0   1  0   0  0  1  0  0  0/0    11:50   0:00   0:00 
Marcus Johansson         1  0  1   0  0   3  1  1  2  1  5/15   18:06   3:13   0:00 
Petteri Wirtanen         0  0  0   0  0   0  1  0  0  0  0/0     7:48   0:00   0:00 
Rhett Rakhshani          1  0  1   1  0   1  2  0  0  0  0/0    11:13   0:00   0:00 

Players Stats for Scraper

Player Name              G  A  P  +/- PIM S  H  SB GA TA FO     MP     PP MP  PK MP  
------------------------------------------------------------------------------------
Ben Eager                1  0  1  -2  2   5  2  0  1  0  1/1    20:04   0:00   2:21 
Brayden Schenn           0  0  0   0  0   0  2  1  0  1  6/13   15:03   0:00   1:26 
Brendan Smith            0  0  0  -2  0   1  2  2  1  1  0/0    29:49   0:00   5:02 
Cameron Gaunce           0  0  0   0  2   0  2  0  0  0  0/0    11:32   0:00   0:00 
Daniel Winnik            1  0  1   0  0   5  1  0  0  0  0/1    14:10   0:00   0:13 
Denis Shvidki            0  1  1   0  0   2  4  1  1  1  0/1    18:14   0:00   4:02 
Derek Joslin             0  0  0  -2  0   0  1  3  1  0  0/0    24:29   0:00   4:52 
Eric Godard              0  0  0  -1  10  3  2  0  0  0  1/3    17:14   0:00   2:57 
Eric Gryba               0  0  0  -2  0   0  1  1  0  0  0/0    18:59   0:00   2:54 
Eric Knodel              0  0  0   0  0   0  0  0  0  0  0/0     4:49   0:00   0:00 
Evander Kane             0  0  0   0  0   1  1  0  0  0  0/1    12:37   0:00   1:11 
Ilkka Heikkinen          0  0  0  -2  0   2  1  1  0  0  0/0    18:59   0:00   2:54 
Jerome Samson            0  0  0   0  0   0  0  0  0  0  0/0     0:00   0:00   0:00 
Joe Finley               0  0  0   0  2   0  0  1  0  1  0/0    11:43   0:00   0:10 
Marcus Foligno           0  0  0  -2  2   1  2  0  0  0  0/0     9:27   0:00   0:00 
Reilly Smith             0  0  0  -2  0   2  2  1  1  0  0/0     9:22   0:00   0:00 
Rick Schofield           0  0  0   0  0   0  0  0  0  0  3/6    13:27   0:00   2:06 
Riley Armstrong          0  1  1  -2  0   0  2  1  0  0  16/34  18:37   0:00   1:14 
Riley Nash               0  0  0   0  0   0  0  0  0  0  0/0     0:00   0:00   0:00 
Roman Horak              0  0  0   0  0   0  0  0  0  0  0/0     0:22   0:00   0:22 
Ryan O'Reilly            0  0  0  -2  0   3  0  0  0  0  1/1     9:22   0:00   0:00 
Valeri Bure              0  0  0  -1  0   1  3  0  1  0  0/0    13:39   0:00   0:00 

3 Stars

1 - Lubos Bartecko (Chi)
2 - Kyle Brodziak (Chi)
3 - Evgeny Dadonov (Chi)

Power Play

Saguenéens - 0 on 4 Attempt(s) - 0,00%
Scraper - 0 on 0 Attempt(s) - 0,00%

Penalty Kill

Saguenéens - 0 on 0 Attempt(s) - 0,00% - Score 0 goal in Penalty Kill
Scraper - 4 on 4 Attempt(s) - 100,00% - Score 0 goal in Penalty Kill

Team Stat

Saguenéens - Hits : 20 - Faceoff Wins : 33 - Blocked Shots : 8 - Penalty Minutes : 10
Scraper - Hits : 28 - Faceoff Wins : 28 - Blocked Shots : 12 - Penalty Minutes : 18

Official

Referees : Devorski Paul and Joannette Marc
Linesman : Jean Morin and Mark Pare

Game Notes

Eric Godard beats up David Moss at 1:08 of 2nd period
Brian Flynn beats up Eric Godard at 16:08 of 2nd period

Finance

Level 1 -- Attendance: 1405 (70,25%) -- Ticket Income 56 200 $
Level 2 -- Attendance: 791 (79,10%) -- Ticket Income 15 820 $
Total Attendance: 2196 (73,20%)
Total Ticket Income: 72 020 $
Other Income: 3 601 $
Total Income: 75 621 $

Saguenéens

5 vs 5 Forward 
   Center                   Left Wing                Right Wing               Time % Phy DF OF 
 1 Kyle Brodziak            Evgeny Dadonov           Lubos Bartecko           40     1   2  2  
 2 Marcus Johansson         Joffrey Lupul            David Moss               30     1   2  2  
 3 Brian Flynn              Bryan Bickell            Rhett Rakhshani          20     1   2  2  
 4 Petteri Wirtanen         Eric Tangradi            David Laliberté          10     1   2  2  

5 vs 5 Defense 
   Defense                  Defense                                           Time % Phy DF OF 
 1 Derek Morris             Kevin Marshall                                    40     1   2  2  
 2 Kris Russell             Brandon Burlon                                    34     1   2  2  
 3 Luke Witkowski           David Rundblad                                    20     1   2  2  
 4 Derek Morris             Kevin Marshall                                    6      1   2  2  

PowerPlay Forward 
   Center                   Left Wing                Right Wing               Time % Phy DF OF 
 1 Kyle Brodziak            Evgeny Dadonov           Lubos Bartecko           60     1   2  2  
 2 Marcus Johansson         Bryan Bickell            David Moss               40     1   2  2  

PowerPlay Defense
   Defense                  Defense                                           Time % Phy DF OF 
 1 Derek Morris             Kevin Marshall                                    60     1   2  2  
 2 Kris Russell             David Rundblad                                    40     1   2  2  

Penalty Kill 4 Players Forward 
   Center                   Wing                     Time % Phy DF OF 
 1 David Moss               Joffrey Lupul            60     1   2  2  
 2 Kyle Brodziak            Bryan Bickell            40     1   2  2  

Penalty Kill 4 Players Defense
   Defense                  Defense                  Time % Phy DF OF 
 1 Derek Morris             Kevin Marshall           60     1   2  2  
 2 Kris Russell             Brandon Burlon           40     1   2  2  

Penalty Kill - 3 Players Forward 
   Forward                                           Time % Phy DF OF 
 1 David Moss                                        60     1   2  2  
 2 Joffrey Lupul                                     40     1   2  2  

Penalty Kill - 3 Players Defense
   Defense                  Defense                  Time % Phy DF OF 
 1 Derek Morris             Kevin Marshall           60     1   2  2  
 2 Brandon Burlon           Kris Russell             40     1   2  2  

4 vs 4 Forward 
   Center                   Wing                     Time % Phy DF OF 
 1 Marcus Johansson         Lubos Bartecko           60     1   2  2  
 2 Kyle Brodziak            Evgeny Dadonov           40     1   2  2  

4 vs 4 Defense
   Defense                  Defense                  Time % Phy DF OF 
 1 Derek Morris             Kevin Marshall           60     1   2  2  
 2 Kris Russell             Brandon Burlon           40     1   2  2  

Last Minutes Offensive
   Center                   Left Wing                Right Wing               Defense                  Defense                  
   Kyle Brodziak            Evgeny Dadonov           Lubos Bartecko           Derek Morris             Kris Russell             

Last Minutes Defensive
   Center                   Left Wing                Right Wing               Defense                  Defense                  
   Kyle Brodziak            Evgeny Dadonov           David Moss               Derek Morris             Kris Russell             

Goaltenders
Starting : Harru Sateri             
Backup : James Reimer             

Extra Forwards
Normal : Brian Flynn, Eric Tangradi, David Moss - PP : Brian Flynn, Joffrey Lupul - PK : Petteri Wirtanen
Extra Defensemen
Normal : David Rundblad, Brandon Burlon, Derek Morris - PP : David Rundblad - PK : Brandon Burlon, Luke Witkowski
Penalty Shots
David Moss, Joffrey Lupul, Kyle Brodziak, Brian Flynn, Bryan Bickell

Scraper

5 vs 5 Forward 
   Center                   Left Wing                Right Wing               Time % Phy DF OF 
 1 Riley Armstrong          Ben Eager                Eric Godard              40     1   2  2  
 2 Brayden Schenn           Daniel Winnik            Denis Shvidki            30     1   2  2  
 3 Rick Schofield           Evander Kane             Valeri Bure              20     1   2  2  
 4 Ryan O'Reilly            Marcus Foligno           Reilly Smith             10     1   2  2  

5 vs 5 Defense 
   Defense                  Defense                                           Time % Phy DF OF 
 1 Brendan Smith            Derek Joslin                                      40     1   2  2  
 2 Ilkka Heikkinen          Eric Gryba                                        30     1   2  2  
 3 Cameron Gaunce           Joe Finley                                        20     1   2  2  
 4 Eric Knodel              Brendan Smith                                     10     1   2  2  

PowerPlay Forward 
   Center                   Left Wing                Right Wing               Time % Phy DF OF 
 1 Riley Armstrong          Ben Eager                Eric Godard              60     1   2  2  
 2 Brayden Schenn           Daniel Winnik            Denis Shvidki            40     1   2  2  

PowerPlay Defense
   Defense                  Defense                                           Time % Phy DF OF 
 1 Brendan Smith            Derek Joslin                                      60     1   2  2  
 2 Ilkka Heikkinen          Eric Gryba                                        40     1   2  2  

Penalty Kill 4 Players Forward 
   Center                   Wing                     Time % Phy DF OF 
 1 Eric Godard              Denis Shvidki            60     1   2  2  
 2 Riley Armstrong          Ben Eager                40     1   2  2  

Penalty Kill 4 Players Defense
   Defense                  Defense                  Time % Phy DF OF 
 1 Brendan Smith            Derek Joslin             60     1   2  2  
 2 Ilkka Heikkinen          Eric Gryba               40     1   2  2  

Penalty Kill - 3 Players Forward 
   Forward                                           Time % Phy DF OF 
 1 Eric Godard                                       60     1   2  2  
 2 Denis Shvidki                                     40     1   2  2  

Penalty Kill - 3 Players Defense
   Defense                  Defense                  Time % Phy DF OF 
 1 Brendan Smith            Derek Joslin             60     1   2  2  
 2 Ilkka Heikkinen          Eric Gryba               40     1   2  2  

4 vs 4 Forward 
   Center                   Wing                     Time % Phy DF OF 
 1 Eric Godard              Denis Shvidki            60     1   2  2  
 2 Riley Armstrong          Ben Eager                40     1   2  2  

4 vs 4 Defense
   Defense                  Defense                  Time % Phy DF OF 
 1 Brendan Smith            Derek Joslin             60     1   2  2  
 2 Ilkka Heikkinen          Eric Gryba               40     1   2  2  

Last Minutes Offensive
   Center                   Left Wing                Right Wing               Defense                  Defense                  
   Riley Armstrong          Ben Eager                Eric Godard              Brendan Smith            Derek Joslin             

Last Minutes Defensive
   Center                   Left Wing                Right Wing               Defense                  Defense                  
   Riley Armstrong          Ben Eager                Eric Godard              Brendan Smith            Derek Joslin             

Goaltenders
Starting : Maxime Ouellet           
Backup : Peter Mannino            

Extra Forwards
Normal : Valeri Bure, Evander Kane, Rick Schofield - PP : Valeri Bure, Evander Kane - PK : Rick Schofield
Extra Defensemen
Normal : Cameron Gaunce, Joe Finley, Eric Knodel - PP : Cameron Gaunce - PK : Joe Finley, Eric Knodel
Penalty Shots
Eric Godard, Denis Shvidki, Riley Armstrong, Ben Eager, Valeri Bure

% Time on Ice - Saguenéens

Lines # - Real PCT - Wanted PCT - Time Play
Normal Forward
1 - 36% - 40% - 18:32
2 - 28% - 30% - 14:31
3 - 22% - 20% - 11:13
4 - 15% - 10% - 7:48
Normal Defense
1 - 39% - 40% - 20:23
2 - 36% - 34% - 19:00
3 - 21% - 20% - 11:08
4 - 3% - 6% - 1:33
PP Forward
1 - 59% - 60% - 4:40
2 - 41% - 40% - 3:16
PP Defense
1 - 60% - 60% - 4:46
2 - 40% - 40% - 3:10
PK Forward
1 - 0% - 60%
2 - 0% - 40%
PK Defense
1 - 0% - 60%
2 - 0% - 40%
PK3 Forward
1 - 0% - 60%
2 - 0% - 40%
PK3 Defense
1 - 0% - 60%
2 - 0% - 40%
44 Forward
1 - 0% - 60%
2 - 0% - 40%
44 Defense
1 - 0% - 60%
2 - 0% - 40%
Last Minute Offensive  - 0:00
Last Minute Defensive  - 0:00
Total
Forward - 60:00
Defense - 60:00

% Time on Ice - Scraper

Lines # - Real PCT - Wanted PCT - Time Play
Normal Forward
1 - 35% - 40% - 18:24
2 - 26% - 30% - 13:30
3 - 21% - 20% - 10:48
4 - 18% - 10% - 9:22
Normal Defense
1 - 38% - 40% - 19:58
2 - 31% - 30% - 16:05
3 - 22% - 20% - 11:12
4 - 9% - 10% - 4:49
PP Forward
1 - 0% - 60%
2 - 0% - 40%
PP Defense
1 - 0% - 60%
2 - 0% - 40%
PK Forward
1 - 84% - 60% - 6:42
2 - 16% - 40% - 1:14
PK Defense
1 - 63% - 60% - 5:02
2 - 37% - 40% - 2:54
PK3 Forward
1 - 0% - 60%
2 - 0% - 40%
PK3 Defense
1 - 0% - 60%
2 - 0% - 40%
44 Forward
1 - 0% - 60%
2 - 0% - 40%
44 Defense
1 - 0% - 60%
2 - 0% - 40%
Last Minute Offensive  - 0:00
Last Minute Defensive  - 0:00
Total
Forward - 60:00
Defense - 60:00

Play by Play

1st period


0:01 of 1st period - Riley Armstrong wins face-off versus Kyle Brodziak in neutral zone.
0:14 of 1st period - Wrist shot by Eric Godard.
0:14 of 1st period - Stopped by Harru Sateri without a rebound.
0:15 of 1st period - Brayden Schenn wins face-off versus Marcus Johansson in Saguenéens zone.
0:47 of 1st period - Valeri Bure is hit by David Rundblad.
1:01 of 1st period - Icing by Eric Gryba.
1:02 of 1st period - Rick Schofield wins face-off versus Kyle Brodziak in Scraper zone.
1:11 of 1st period - Snap shot by Eric Godard.
1:11 of 1st period - Stopped by Harru Sateri with a rebound.
1:32 of 1st period - Ryan O'Reilly is hit by Petteri Wirtanen and loses puck.
2:20 of 1st period - Off-side.
2:21 of 1st period - Riley Armstrong wins face-off versus Kyle Brodziak in neutral zone.
2:51 of 1st period - Joe Finley is hit by Marcus Johansson and loses puck.
3:18 of 1st period - Snap shot by Reilly Smith.
3:18 of 1st period - Shot Misses the Net.
3:36 of 1st period - Snap shot by Petteri Wirtanen.
3:36 of 1st period - Shot Misses the Net.
3:39 of 1st period - Icing by Brendan Smith.
3:40 of 1st period - Kyle Brodziak wins face-off versus Rick Schofield in Scraper zone.
3:47 of 1st period - Slapshot by Kyle Brodziak.
3:47 of 1st period - Stopped by Maxime Ouellet with a rebound.
3:49 of 1st period - Slapshot by Brandon Burlon.
3:49 of 1st period - Deflect By Evgeny Dadonov.
3:49 of 1st period - Shot Misses the Net.
3:49 of 1st period - Puck is out of play.
3:50 of 1st period - Kyle Brodziak wins face-off versus Riley Armstrong in Scraper zone.
4:04 of 1st period - Snap shot by Brandon Burlon.
4:04 of 1st period - Shot Misses the Net.
4:06 of 1st period - Snap shot by Evgeny Dadonov.
4:06 of 1st period - Shot Misses the Net.
4:08 of 1st period - Slapshot by Kris Russell.
4:08 of 1st period - Stopped by Maxime Ouellet with a rebound.
4:10 of 1st period - Slapshot by Kris Russell.
4:10 of 1st period - Stopped by Maxime Ouellet without a rebound.
4:11 of 1st period - Brayden Schenn wins face-off versus Marcus Johansson in Scraper zone.
4:22 of 1st period - Slapshot by Denis Shvidki.
4:22 of 1st period - Stopped by Harru Sateri without a rebound.
4:23 of 1st period - Riley Armstrong wins face-off versus Kyle Brodziak in Saguenéens zone.
4:26 of 1st period - Snap shot by Ben Eager.
4:26 of 1st period - Stopped by Harru Sateri with a rebound.
5:17 of 1st period - Snap shot by Bryan Bickell.
5:17 of 1st period - Stopped by Maxime Ouellet with a rebound.
5:23 of 1st period - Derek Morris is hit by Marcus Foligno and loses puck.
6:16 of 1st period - Wrist shot by Joffrey Lupul.
6:16 of 1st period - Deflect By Marcus Johansson.
6:16 of 1st period - Stopped by Maxime Ouellet with a rebound.
6:18 of 1st period - Wrist shot by Marcus Johansson.
6:18 of 1st period - Shot Misses the Net.
6:53 of 1st period - Icing by Kevin Marshall.
6:54 of 1st period - Riley Armstrong wins face-off versus Brian Flynn in Saguenéens zone.
7:24 of 1st period - Snap shot by Evgeny Dadonov.
7:24 of 1st period - Shot Misses the Net.
8:26 of 1st period - Wrist shot by Evgeny Dadonov.
8:26 of 1st period - Stopped by Maxime Ouellet without a rebound.
8:27 of 1st period - Riley Armstrong wins face-off versus Marcus Johansson in Scraper zone.
8:58 of 1st period - Icing by Brayden Schenn.
8:59 of 1st period - Kyle Brodziak wins face-off versus Brayden Schenn in Scraper zone.
9:02 of 1st period - Snap shot by Lubos Bartecko.
9:02 of 1st period - Shot Blocked by Denis Shvidki.
9:10 of 1st period - Wrist shot by Denis Shvidki.
9:10 of 1st period - Stopped by Harru Sateri without a rebound.
9:11 of 1st period - Kyle Brodziak wins face-off versus Riley Armstrong in Saguenéens zone.
9:22 of 1st period - Snap shot by Lubos Bartecko.
9:22 of 1st period - Stopped by Maxime Ouellet without a rebound.
9:23 of 1st period - Kyle Brodziak wins face-off versus Riley Armstrong in Scraper zone.
10:28 of 1st period - Slapshot by Kyle Brodziak.
10:28 of 1st period - Shot Misses the Net.
10:30 of 1st period - Wrist shot by Kris Russell.
10:30 of 1st period - Stopped by Maxime Ouellet with a rebound.
10:32 of 1st period - Wrist shot by Kyle Brodziak.
10:32 of 1st period - Goal by Kyle Brodziak - Saguenéens : 1 - Scraper : 0.
10:33 of 1st period - Riley Armstrong wins face-off versus Kyle Brodziak in neutral zone.
11:03 of 1st period - Derek Morris is hit by Valeri Bure and loses puck.
11:30 of 1st period - Derek Morris is hit by Daniel Winnik.
12:00 of 1st period - Kyle Brodziak is hit by Ben Eager and loses puck.
12:05 of 1st period - Backhand shot by Riley Armstrong.
12:05 of 1st period - Shot Misses the Net.
12:21 of 1st period - Valeri Bure is hit by David Moss and loses puck.
13:06 of 1st period - Wrist shot by Bryan Bickell.
13:06 of 1st period - Shot Blocked by Brendan Smith.
13:08 of 1st period - Slapshot by David Rundblad.
13:08 of 1st period - Stopped by Maxime Ouellet without a rebound.
13:09 of 1st period - Riley Armstrong wins face-off versus Kyle Brodziak in Scraper zone.
13:16 of 1st period - Ben Eager is hit by Kyle Brodziak and loses puck.
13:37 of 1st period - Snap shot by Marcus Johansson.
13:37 of 1st period - Goal by Marcus Johansson - Saguenéens : 2 - Scraper : 0.
13:38 of 1st period - Kyle Brodziak wins face-off versus Riley Armstrong in neutral zone.
13:41 of 1st period - Backhand shot by Evgeny Dadonov.
13:41 of 1st period - Shot Blocked by Derek Joslin.
13:43 of 1st period - Snap shot by Lubos Bartecko.
13:43 of 1st period - Shot Blocked by Derek Joslin.
13:45 of 1st period - Slapshot by Lubos Bartecko.
13:45 of 1st period - Stopped by Maxime Ouellet with a rebound.
13:47 of 1st period - Wrist shot by Lubos Bartecko.
13:47 of 1st period - Shot Blocked by Derek Joslin.
13:49 of 1st period - Snap shot by Kevin Marshall.
13:49 of 1st period - Shot Misses the Net.
13:51 of 1st period - Slapshot by Derek Morris.
13:51 of 1st period - Stopped by Maxime Ouellet with a rebound.
14:05 of 1st period - David Moss is hit by Derek Joslin and loses puck.
14:12 of 1st period - Wrist shot by Valeri Bure.
14:12 of 1st period - Shot Blocked by Derek Morris.
15:08 of 1st period - Snap shot by Evgeny Dadonov.
15:08 of 1st period - Goal by Evgeny Dadonov - Saguenéens : 3 - Scraper : 0.
15:09 of 1st period - Kyle Brodziak wins face-off versus Riley Armstrong in neutral zone.
15:14 of 1st period - Wrist shot by Evgeny Dadonov.
15:14 of 1st period - Shot Misses the Net.
15:16 of 1st period - Wrist shot by Kevin Marshall.
15:16 of 1st period - Stopped by Maxime Ouellet with a rebound.
15:18 of 1st period - Slapshot by Kevin Marshall.
15:18 of 1st period - Stopped by Maxime Ouellet without a rebound.
15:19 of 1st period - Riley Armstrong wins face-off versus Kyle Brodziak in Scraper zone.
16:12 of 1st period - Wrist shot by Ben Eager.
16:12 of 1st period - Stopped by Harru Sateri with a rebound.
16:41 of 1st period - Slapshot by Kyle Brodziak.
16:41 of 1st period - Deflect By Lubos Bartecko.
16:41 of 1st period - Shot Misses the Net.
16:41 of 1st period - Puck is out of play.
16:42 of 1st period - Brayden Schenn wins face-off versus Marcus Johansson in Scraper zone.
16:55 of 1st period - Slapshot by David Moss.
16:55 of 1st period - Stopped by Maxime Ouellet with a rebound.
16:57 of 1st period - Slapshot by Kris Russell.
16:57 of 1st period - Shot Misses the Net.
17:07 of 1st period - Brandon Burlon is hit by Cameron Gaunce and loses puck.
17:34 of 1st period - Wrist shot by Reilly Smith.
17:34 of 1st period - Stopped by Harru Sateri without a rebound.
17:35 of 1st period - Brayden Schenn wins face-off versus Marcus Johansson in Saguenéens zone.
18:00 of 1st period - Ilkka Heikkinen is hit by Bryan Bickell.
18:10 of 1st period - Slapshot by Brian Flynn.
18:10 of 1st period - Stopped by Maxime Ouellet without a rebound.
18:11 of 1st period - Eric Tangradi wins face-off versus Daniel Winnik in Scraper zone.
18:14 of 1st period - Snap shot by David Laliberté.
18:14 of 1st period - Shot Blocked by Brayden Schenn.
Goals for this period are 3 for Saguenéens vs 0 for Scraper.
Shots for this period are 18 for Saguenéens vs 7 for Scraper.

2nd period


0:01 of 2nd period - Lubos Bartecko wins face-off versus Riley Armstrong in neutral zone.
0:04 of 2nd period - Snap shot by Evgeny Dadonov.
0:04 of 2nd period - Shot Misses the Net.
0:26 of 2nd period - David Moss is hit by Denis Shvidki and loses puck.
0:31 of 2nd period - Slapshot by Denis Shvidki.
0:31 of 2nd period - Deflect By Daniel Winnik.
0:31 of 2nd period - Deflect By David Moss.
0:31 of 2nd period - Stopped by Harru Sateri with a rebound.
0:33 of 2nd period - Snap shot by Eric Gryba.
0:33 of 2nd period - Shot Blocked by Brandon Burlon.
0:35 of 2nd period - Snap shot by Daniel Winnik.
0:35 of 2nd period - Deflect By Denis Shvidki.
0:35 of 2nd period - Shot Blocked by Kris Russell.
0:35 of 2nd period - Puck is out of play.
0:36 of 2nd period - Kyle Brodziak wins face-off versus Rick Schofield in Saguenéens zone.
0:51 of 2nd period - Snap shot by Valeri Bure.
0:51 of 2nd period - Deflect By Kyle Brodziak.
0:51 of 2nd period - Stopped by Harru Sateri without a rebound.
0:52 of 2nd period - Marcus Johansson wins face-off versus Riley Armstrong in Saguenéens zone.
1:08 of 2nd period - Eric Godard beats up David Moss.
1:08 of 2nd period - Penalty to Eric Godard for Fighting.
1:08 of 2nd period - Penalty to David Moss for Fighting.
1:09 of 2nd period - Riley Armstrong wins face-off versus Kyle Brodziak in Scraper zone.
1:11 of 2nd period - Minor Penalty to Ben Eager for Boarding.
1:12 of 2nd period - Kyle Brodziak wins face-off versus Rick Schofield in Scraper zone.
3:11 of 2nd period - Penalty to Ben Eager is over, Ben Eager is back on ice.
3:18 of 2nd period - Daniel Winnik is hit by Joffrey Lupul and loses puck.
5:08 of 2nd period - Eric Knodel is hit by Kris Russell and loses puck.
5:30 of 2nd period - Icing by Brandon Burlon.
5:31 of 2nd period - Brayden Schenn wins face-off versus Marcus Johansson in Saguenéens zone.
5:32 of 2nd period - Wrist shot by Daniel Winnik.
5:32 of 2nd period - Stopped by Harru Sateri without a rebound.
5:33 of 2nd period - Marcus Johansson wins face-off versus Brayden Schenn in Saguenéens zone.
5:33 of 2nd period - Marcus Johansson is hit by Brayden Schenn.
5:41 of 2nd period - Snap shot by Daniel Winnik.
5:41 of 2nd period - Goal by Daniel Winnik - Saguenéens : 3 - Scraper : 1.
5:42 of 2nd period - Kyle Brodziak wins face-off versus Riley Armstrong in neutral zone.
5:44 of 2nd period - Derek Morris is hit by Valeri Bure and loses puck.
5:49 of 2nd period - Wrist shot by Kyle Brodziak.
5:49 of 2nd period - Stopped by Maxime Ouellet without a rebound.
5:50 of 2nd period - Riley Armstrong wins face-off versus Kyle Brodziak in Scraper zone.
5:57 of 2nd period - Snap shot by Lubos Bartecko.
5:57 of 2nd period - Goal by Lubos Bartecko - Saguenéens : 4 - Scraper : 1.
5:58 of 2nd period - Riley Armstrong wins face-off versus Kyle Brodziak in neutral zone.
6:03 of 2nd period - Slapshot by Brendan Smith.
6:03 of 2nd period - Stopped by Harru Sateri with a rebound.
6:12 of 2nd period - Off-side.
6:13 of 2nd period - Marcus Johansson wins face-off versus Brayden Schenn in neutral zone.
6:22 of 2nd period - Wrist shot by Daniel Winnik.
6:22 of 2nd period - Shot Misses the Net.
6:26 of 2nd period - Slapshot by Denis Shvidki.
6:26 of 2nd period - Shot Misses the Net.
6:40 of 2nd period - Derek Morris is hit by Eric Godard and loses puck.
6:45 of 2nd period - Slapshot by Riley Armstrong.
6:45 of 2nd period - Shot Misses the Net.
6:47 of 2nd period - Snap shot by Ben Eager.
6:47 of 2nd period - Shot Misses the Net.
6:49 of 2nd period - Snap shot by Ben Eager.
6:49 of 2nd period - Stopped by Harru Sateri without a rebound.
6:50 of 2nd period - Brian Flynn wins face-off versus Riley Armstrong in Saguenéens zone.
7:21 of 2nd period - Wrist shot by Denis Shvidki.
7:21 of 2nd period - Shot Misses the Net.
7:37 of 2nd period - Slapshot by David Moss.
7:37 of 2nd period - Stopped by Maxime Ouellet with a rebound.
7:39 of 2nd period - Slapshot by David Moss.
7:39 of 2nd period - Stopped by Maxime Ouellet with a rebound.
7:41 of 2nd period - Snap shot by Joffrey Lupul.
7:41 of 2nd period - Stopped by Maxime Ouellet with a rebound.
7:55 of 2nd period - Brendan Smith is hit by Eric Tangradi and loses puck.
9:16 of 2nd period - Valeri Bure is hit by Brandon Burlon.
10:22 of 2nd period - Slapshot by Lubos Bartecko.
10:22 of 2nd period - Shot Misses the Net.
10:39 of 2nd period - Snap shot by Riley Armstrong.
10:39 of 2nd period - Shot Misses the Net.
10:55 of 2nd period - Eric Tangradi is hit by Valeri Bure.
11:03 of 2nd period - Snap shot by David Laliberté.
11:03 of 2nd period - Stopped by Maxime Ouellet without a rebound.
11:04 of 2nd period - Brayden Schenn wins face-off versus Kyle Brodziak in Scraper zone.
11:29 of 2nd period - Luke Witkowski is hit by Brendan Smith and loses puck.
12:52 of 2nd period - Snap shot by Lubos Bartecko.
12:52 of 2nd period - Stopped by Maxime Ouellet with a rebound.
12:55 of 2nd period - Icing by Brendan Smith.
12:56 of 2nd period - Marcus Johansson wins face-off versus Evander Kane in Scraper zone.
13:33 of 2nd period - Slapshot by Marcus Johansson.
13:33 of 2nd period - Stopped by Maxime Ouellet with a rebound.
13:35 of 2nd period - Snap shot by David Moss.
13:35 of 2nd period - Shot Misses the Net.
13:37 of 2nd period - Wrist shot by David Moss.
13:37 of 2nd period - Stopped by Maxime Ouellet without a rebound.
13:38 of 2nd period - Brian Flynn wins face-off versus Riley Armstrong in Scraper zone.
13:50 of 2nd period - Slapshot by Bryan Bickell.
13:50 of 2nd period - Stopped by Maxime Ouellet without a rebound.
13:51 of 2nd period - Riley Armstrong wins face-off versus Brian Flynn in Scraper zone.
14:02 of 2nd period - Wrist shot by Brian Flynn.
14:02 of 2nd period - Deflect By Rhett Rakhshani.
14:02 of 2nd period - Goal by Rhett Rakhshani - Saguenéens : 5 - Scraper : 1.
14:03 of 2nd period - Ben Eager wins face-off versus Marcus Johansson in neutral zone.
14:08 of 2nd period - Wrist shot by Eric Godard.
14:08 of 2nd period - Stopped by Harru Sateri without a rebound.
14:09 of 2nd period - David Moss wins face-off versus Riley Armstrong in Saguenéens zone.
14:21 of 2nd period - Wrist shot by David Moss.
14:21 of 2nd period - Stopped by Maxime Ouellet with a rebound.
14:23 of 2nd period - Wrist shot by David Moss.
14:23 of 2nd period - Stopped by Maxime Ouellet with a rebound.
14:25 of 2nd period - Snap shot by David Moss.
14:25 of 2nd period - Stopped by Maxime Ouellet with a rebound.
14:59 of 2nd period - Slapshot by Ilkka Heikkinen.
14:59 of 2nd period - Stopped by Harru Sateri with a rebound.
15:05 of 2nd period - Ilkka Heikkinen is hit by Rhett Rakhshani and loses puck.
16:08 of 2nd period - Brian Flynn beats up Eric Godard.
16:08 of 2nd period - Penalty to Eric Godard for Fighting.
16:08 of 2nd period - Penalty to Brian Flynn for Fighting.
16:09 of 2nd period - Kyle Brodziak wins face-off versus Riley Armstrong in Saguenéens zone.
16:09 of 2nd period - Kyle Brodziak is hit by Riley Armstrong.
16:35 of 2nd period - Marcus Johansson is hit by Denis Shvidki and loses puck.
16:46 of 2nd period - Wrist shot by Daniel Winnik.
16:46 of 2nd period - Shot Blocked by David Moss.
17:17 of 2nd period - David Rundblad is hit by Cameron Gaunce and loses puck.
17:22 of 2nd period - Snap shot by Evander Kane.
17:22 of 2nd period - Shot Blocked by Luke Witkowski.
17:24 of 2nd period - Snap shot by Rick Schofield.
17:24 of 2nd period - Shot Misses the Net.
18:15 of 2nd period - Bryan Bickell is hit by Evander Kane and loses puck.
18:43 of 2nd period - Off-side.
18:44 of 2nd period - Ryan O'Reilly wins face-off versus Eric Tangradi in neutral zone.
18:49 of 2nd period - Snap shot by Ryan O'Reilly.
18:49 of 2nd period - Stopped by Harru Sateri with a rebound.
18:57 of 2nd period - Slapshot by Ryan O'Reilly.
18:57 of 2nd period - Stopped by Harru Sateri with a rebound.
18:59 of 2nd period - Snap shot by Ryan O'Reilly.
18:59 of 2nd period - Shot Misses the Net.
19:11 of 2nd period - Snap shot by Ben Eager.
19:11 of 2nd period - Goal by Ben Eager - Saguenéens : 5 - Scraper : 2.
19:12 of 2nd period - Riley Armstrong wins face-off versus Kyle Brodziak in neutral zone.
19:19 of 2nd period - Wrist shot by Lubos Bartecko.
19:19 of 2nd period - Shot Misses the Net.
19:21 of 2nd period - Wrist shot by Lubos Bartecko.
19:21 of 2nd period - Goal by Lubos Bartecko - Saguenéens : 6 - Scraper : 2.
19:22 of 2nd period - Kyle Brodziak wins face-off versus Riley Armstrong in neutral zone.
19:47 of 2nd period - Ben Eager is hit by Bryan Bickell and loses puck.
Goals for this period are 3 for Saguenéens vs 2 for Scraper.
Shots for this period are 15 for Saguenéens vs 11 for Scraper.

3rd period


0:01 of 3rd period - Kyle Brodziak wins face-off versus Riley Armstrong in neutral zone.
0:25 of 3rd period - Derek Morris is hit by Reilly Smith and loses puck.
1:03 of 3rd period - Snap shot by Kyle Brodziak.
1:03 of 3rd period - Stopped by Maxime Ouellet with a rebound.
1:27 of 3rd period - Backhand shot by Ryan O'Reilly.
1:27 of 3rd period - Stopped by Harru Sateri without a rebound.
1:28 of 3rd period - Marcus Johansson wins face-off versus Riley Armstrong in Saguenéens zone.
2:42 of 3rd period - Luke Witkowski is hit by Brayden Schenn and loses puck.
2:52 of 3rd period - Icing by David Rundblad.
2:53 of 3rd period - Riley Armstrong wins face-off versus Marcus Johansson in Saguenéens zone.
3:05 of 3rd period - Joffrey Lupul is hit by Brendan Smith and loses puck.
3:22 of 3rd period - Snap shot by Daniel Winnik.
3:22 of 3rd period - Shot Misses the Net.
3:47 of 3rd period - Luke Witkowski is hit by Eric Godard and loses puck.
4:07 of 3rd period - Minor Penalty to Marcus Foligno for High sticking.
4:08 of 3rd period - Eric Godard wins face-off versus Kyle Brodziak in Scraper zone.
5:41 of 3rd period - Kris Russell is hit by Riley Armstrong and loses puck.
6:05 of 3rd period - Rick Schofield is hit by Kyle Brodziak and loses puck.
6:07 of 3rd period - Penalty to Marcus Foligno is over, Marcus Foligno is back on ice.
6:26 of 3rd period - Snap shot by Eric Tangradi.
6:26 of 3rd period - Stopped by Maxime Ouellet without a rebound.
6:27 of 3rd period - Brian Flynn wins face-off versus Brayden Schenn in Scraper zone.
6:58 of 3rd period - Snap shot by Eric Tangradi.
6:58 of 3rd period - Shot Blocked by Reilly Smith.
7:00 of 3rd period - Slapshot by Brandon Burlon.
7:00 of 3rd period - Stopped by Maxime Ouellet with a rebound.
7:02 of 3rd period - Wrist shot by Brandon Burlon.
7:02 of 3rd period - Stopped by Maxime Ouellet with a rebound.
7:13 of 3rd period - Minor Penalty to Joe Finley for Interference.
7:14 of 3rd period - Kyle Brodziak wins face-off versus Eric Godard in Scraper zone.
7:28 of 3rd period - Snap shot by Lubos Bartecko.
7:28 of 3rd period - Stopped by Maxime Ouellet without a rebound.
7:29 of 3rd period - Kyle Brodziak wins face-off versus Denis Shvidki in Scraper zone.
8:10 of 3rd period - Snap shot by Marcus Johansson.
8:10 of 3rd period - Shot Misses the Net.
9:13 of 3rd period - Penalty to Joe Finley is over, Joe Finley is back on ice.
9:25 of 3rd period - Ryan O'Reilly is hit by Eric Tangradi and loses puck.
9:32 of 3rd period - Joe Finley is hit by Kris Russell and loses puck.
9:45 of 3rd period - Wrist shot by Evander Kane.
9:45 of 3rd period - Stopped by Harru Sateri with a rebound.
9:47 of 3rd period - Wrist shot by Evander Kane.
9:47 of 3rd period - Shot Misses the Net.
9:53 of 3rd period - Wrist shot by Evander Kane.
9:53 of 3rd period - Shot Blocked by David Rundblad.
10:15 of 3rd period - Derek Morris is hit by Reilly Smith and loses puck.
11:16 of 3rd period - Luke Witkowski is hit by Marcus Foligno.
11:31 of 3rd period - Ryan O'Reilly is hit by Eric Tangradi and loses puck.
11:51 of 3rd period - Snap shot by Reilly Smith.
11:51 of 3rd period - Stopped by Harru Sateri with a rebound.
11:53 of 3rd period - Snap shot by Marcus Foligno.
11:53 of 3rd period - Stopped by Harru Sateri without a rebound.
11:54 of 3rd period - Riley Armstrong wins face-off versus Kyle Brodziak in Saguenéens zone.
11:55 of 3rd period - Wrist shot by Ben Eager.
11:55 of 3rd period - Shot Blocked by Evgeny Dadonov.
11:57 of 3rd period - Wrist shot by Ilkka Heikkinen.
11:57 of 3rd period - Stopped by Harru Sateri without a rebound.
11:58 of 3rd period - Kyle Brodziak wins face-off versus Riley Armstrong in Saguenéens zone.
12:27 of 3rd period - Slapshot by Daniel Winnik.
12:27 of 3rd period - Stopped by Harru Sateri without a rebound.
12:28 of 3rd period - Joffrey Lupul wins face-off versus Brayden Schenn in Saguenéens zone.
12:33 of 3rd period - Denis Shvidki is hit by Kevin Marshall and loses puck.
13:16 of 3rd period - Snap shot by Evgeny Dadonov.
13:16 of 3rd period - Stopped by Maxime Ouellet with a rebound.
13:18 of 3rd period - Slapshot by Kris Russell.
13:18 of 3rd period - Shot Blocked by Riley Armstrong.
13:20 of 3rd period - Snap shot by Lubos Bartecko.
13:20 of 3rd period - Stopped by Maxime Ouellet with a rebound.
13:22 of 3rd period - Slapshot by Brandon Burlon.
13:22 of 3rd period - Shot Blocked by Brendan Smith.
13:24 of 3rd period - Slapshot by Kyle Brodziak.
13:24 of 3rd period - Stopped by Maxime Ouellet with a rebound.
13:26 of 3rd period - Slapshot by Kris Russell.
13:26 of 3rd period - Stopped by Maxime Ouellet without a rebound.
13:27 of 3rd period - Rick Schofield wins face-off versus Marcus Johansson in Scraper zone.
13:27 of 3rd period - Rick Schofield is hit by Kevin Marshall.
13:39 of 3rd period - Snap shot by David Moss.
13:39 of 3rd period - Shot Misses the Net.
13:41 of 3rd period - Snap shot by David Moss.
13:41 of 3rd period - Shot Blocked by Ilkka Heikkinen.
13:43 of 3rd period - Slapshot by Derek Morris.
13:43 of 3rd period - Stopped by Maxime Ouellet without a rebound.
13:44 of 3rd period - Riley Armstrong wins face-off versus Kyle Brodziak in Scraper zone.
13:44 of 3rd period - Riley Armstrong is hit by Derek Morris.
13:56 of 3rd period - Slapshot by Evgeny Dadonov.
13:56 of 3rd period - Shot Blocked by Eric Gryba.
14:19 of 3rd period - Kevin Marshall is hit by Ben Eager and loses puck.
14:34 of 3rd period - Brandon Burlon is hit by Denis Shvidki and loses puck.
14:45 of 3rd period - Snap shot by Denis Shvidki.
14:45 of 3rd period - Shot Misses the Net.
14:47 of 3rd period - Wrist shot by Denis Shvidki.
14:47 of 3rd period - Deflect By Daniel Winnik.
14:47 of 3rd period - Stopped by Harru Sateri with a rebound.
15:22 of 3rd period - Snap shot by David Laliberté.
15:22 of 3rd period - Stopped by Maxime Ouellet without a rebound.
15:23 of 3rd period - Kyle Brodziak wins face-off versus Brayden Schenn in Scraper zone.
16:13 of 3rd period - Snap shot by Ben Eager.
16:13 of 3rd period - Stopped by Harru Sateri without a rebound.
16:14 of 3rd period - Brian Flynn wins face-off versus Riley Armstrong in Saguenéens zone.
16:14 of 3rd period - Brian Flynn is hit by Eric Gryba.
16:22 of 3rd period - Snap shot by Kevin Marshall.
16:22 of 3rd period - Shot Misses the Net.
16:24 of 3rd period - Slapshot by Derek Morris.
16:24 of 3rd period - Shot Misses the Net.
16:26 of 3rd period - Slapshot by Kevin Marshall.
16:26 of 3rd period - Stopped by Maxime Ouellet without a rebound.
16:27 of 3rd period - Kyle Brodziak wins face-off versus Riley Armstrong in Scraper zone.
16:52 of 3rd period - Riley Armstrong is hit by Rhett Rakhshani and loses puck.
17:03 of 3rd period - Wrist shot by Brian Flynn.
17:03 of 3rd period - Stopped by Maxime Ouellet with a rebound.
17:17 of 3rd period - Backhand shot by Daniel Winnik.
17:17 of 3rd period - Shot Blocked by Marcus Johansson.
17:19 of 3rd period - Wrist shot by Daniel Winnik.
17:19 of 3rd period - Deflect By Brayden Schenn.
17:19 of 3rd period - Shot Misses the Net.
17:19 of 3rd period - Puck is out of play.
17:20 of 3rd period - Kyle Brodziak wins face-off versus Brayden Schenn in Saguenéens zone.
17:20 of 3rd period - Kyle Brodziak is hit by Denis Shvidki.
17:34 of 3rd period - Backhand shot by Lubos Bartecko.
17:34 of 3rd period - Stopped by Maxime Ouellet with a rebound.
17:36 of 3rd period - Wrist shot by Lubos Bartecko.
17:36 of 3rd period - Stopped by Maxime Ouellet without a rebound.
17:37 of 3rd period - Rick Schofield wins face-off versus Marcus Johansson in Scraper zone.
17:39 of 3rd period - Minor Penalty to Cameron Gaunce for Tripping.
17:40 of 3rd period - Kyle Brodziak wins face-off versus Eric Godard in Scraper zone.
19:16 of 3rd period - Derek Morris is hit by Ilkka Heikkinen and loses puck.
19:39 of 3rd period - Penalty to Cameron Gaunce is over, Cameron Gaunce is back on ice.
19:55 of 3rd period - Slapshot by Kris Russell.
19:55 of 3rd period - Shot Blocked by Joe Finley.
Goals for this period are 0 for Saguenéens vs 0 for Scraper.
Shots for this period are 15 for Saguenéens vs 8 for Scraper.


Output by the SimonT Hockey Simulator (STHS) for François Prévost -- Original Page W3C XHTML 1.0 Valid
Hockey Simulator - Hockey Simulation - Hockey Manager